 Dungeon Crawl Stone Soup version 0.30-a0-949-g53dc5368d7 (webtiles) character file.

Game seed: 16168487267658757997

9168 bande the Cleaver (level 11, -3/68 HPs)
             Began as a Gargoyle Fighter on Mar 28, 2023.
             Was the Champion of Okawaru.
             Slain by a komodo dragon (10 damage)
             ... on level 11 of the Dungeon.
             The game lasted 00:18:08 (9766 turns).

bande the Cleaver (Gargoyle Fighter)                Turns: 9766, Time: 00:18:09

Health: -3/68      AC: 32    Str: 20    XL:     11   Next: 42%
Magic:  0/17       EV:  3    Int: 12    God:    Okawaru [******]
Gold:   591        SH: 14    Dex: 13    Spells: 10/10 levels left

rFire   + . .      SeeInvis .    a - +1 war axe (flame)
rCold   . . .      Faith    .    D - +0 tower shield
rNeg    + . .      Spirit   +    k - +0 plate armour
rPois   ∞          Reflect  .    p - +1 helmet {Int+3}
rElec   +          Rampage  .    r - +0 cloak
rCorr   .                        c - +0 pair of gloves
Will    .....                    l - +0 pair of boots Stlth
                                 b - amulet of guardian spirit
HPRegen 0.31/turn                t - +4 ring of protection
MPRegen 0.15/turn                q - ring of protection from fire

@: studying Axes
A: sickness immunity, AC +8, negative energy resistance 1, electricity
resistance, torment resistance 1, petrification resistance
a: Renounce Religion, Heroism, Finesse, Duel


You were on level 11 of the Dungeon.
You worshipped Okawaru.
Okawaru was exalted by your worship.
You visited 1 branch of the dungeon, and saw 11 of its levels.
You also visited: Sewer.

You collected 591 gold pieces.

Inventory:

Hand Weapons
 a - a +1 war axe of flaming (weapon)
 m - a +1 hand axe of flaming
Missiles
 y - a throwing net (quivered)
Armour
 c - a +0 pair of gloves (worn)
 k - a +0 plate armour (worn)
 l - a +0 pair of boots (worn)
 p - a +1 helmet of intelligence (worn)
 r - a +0 cloak (worn)
 D - a +0 tower shield (worn)
Jewellery
 b - an amulet of guardian spirit (around neck)
 g - an amulet of reflection
 j - a ring of resist corrosion
 q - a ring of protection from fire (right hand)
 t - a +4 ring of protection (left hand)
 z - a ring of fire
 F - a ring of fire
 H - a ring of fire
Wands
 w - a wand of mindburst (15)
Scrolls
 n - a scroll of amnesia
 s - 2 scrolls of enchant weapon
 u - 2 scrolls of brand weapon
 v - 2 scrolls of identify
 x - a scroll of fear
 C - 3 scrolls of teleportation
 E - a scroll of poison
 J - a scroll of magic mapping
Potions
 d - 2 potions of brilliance
 e - 5 potions of curing
 f - a potion of cancellation
 h - a potion of berserk rage
 i - 2 potions of heal wounds
 o - 4 potions of flight
 A - a potion of mutation
 B - a potion of ambrosia


   Skills:
 + Level 7.8 Fighting
 + Level 11.1 Axes
 + Level 8.0 Armour
 + Level 0.1 Stealth
 + Level 7.1 Shields
 * Level 8.0 Invocations
 * Level 3.7 Evocations


You had 10 spell levels left.
You didn't know any spells.
Your spell library contained the following spells:

 Spells                   Type           Power      Damage    Failure   Level
 Ensorcelled Hibernation  Hex/Ice        0%         N/A       100%        2
 Passwall                 Tmut/Erth      0%         N/A       100%        2
 Ignite Poison            Fire/Tmut/Pois 0%         N/A       100%        3
 Swiftness                Air            0%         N/A       100%        3
 Passage of Golubria      Tloc           0%         N/A       100%        4
 Sticky Flame             Conj/Fire      0%         2d3       100%        4
 Silence                  Hex/Air        0%         N/A       100%        5
 Orb of Destruction       Conj           0%         9d5       100%        7
 Ignition                 Fire           0%         3d3       100%        8
 Lehudib's Crystal Spear  Conj/Erth      0%         10d2      100%        8
 Summon Guardian Golem    Hex/Summ       Unusable   N/A       N/A         3
 Spellforged Servitor     Conj/Summ      Unusable   N/A       N/A         7

Dungeon Overview and Level Annotations

Branches:
Dungeon (11/15)            Temple (0/1) D:4           Sewer (visited)
   Lair: D:8-11         Orc: D:9-12

Altars:
Kikubaaqudgha
Okawaru
Trog
The Shining One
Lugonu

Shops:
D:6 :   D:9 *

Portals:
Abyss: D:7


Innate Abilities, Weirdness & Mutations

You are immune to sickness and miasma.
Your stone body is resilient. (AC +8)
You are immune to poison.
You resist negative energy. (rN+)
You are resistant to electric shocks. (rElec)
You are resistant to unholy torment.
You are immune to petrification.


Message History

Things that are here:
a +0 spear; a +0 animal skin; a potion of mutation You block the komodo dragon's attack.
The komodo dragon bites you.
* * * LOW HITPOINT WARNING * * *
Things that are here:
a +0 spear; a +0 animal skin; a potion of mutation You slash the komodo dragon!
You burn the komodo dragon.
The komodo dragon is heavily wounded.
The komodo dragon bites you but does no damage.
The komodo dragon bites you.
* * * LOW HITPOINT WARNING * * *
Unknown command.
You hit the komodo dragon but do no damage.
The komodo dragon is heavily wounded.
The komodo dragon bites you but does no damage.
You hit the komodo dragon but do no damage.
The komodo dragon is heavily wounded.
You block the komodo dragon's attack.
Unknown command.
You feel much better. You block the komodo dragon's attack.
Unknown command.
You barely miss the komodo dragon.
The komodo dragon is heavily wounded.
The komodo dragon bites you!
* * * LOW HITPOINT WARNING * * *
You block the komodo dragon's attack.
Unknown command.
You barely miss the komodo dragon.
The komodo dragon is heavily wounded.
The komodo dragon bites you!
* * * LOW HITPOINT WARNING * * *
Unknown command.
You barely miss the komodo dragon.
The komodo dragon is heavily wounded.
The komodo dragon bites you but does no damage.
You slash the komodo dragon! You burn the komodo dragon.
The komodo dragon is severely wounded.
The komodo dragon bites you!
You die...

#.# #.#
#.# #.#
#.# # #.##
#.##..#
#.....#
####@l#
#[†# #..#
#..#
..#####..#
.........#
..######.#
#.# #.#


You could see a komodo dragon.

Vanquished Creatures
  Nergalle (D:11)
  Pikel (D:7)
  Joseph (D:9)
  A gargoyle (D:11)
  Psyche (D:8)
  Maggie (D:8)
  2 trolls
  Sigmund (D:3)
  12 yaks
  2 wyverns (D:9)
  A vampire (D:10)
  4 hogs (D:7)
  Grum (D:11)
  A human (D:7)
  Menkaure (D:4)
  A water moccasin (D:7)
  3 orc warriors
  A sky beast (D:7)
  2 ogres
  2 wolves (D:11)
  A centaur (D:8)
  3 phantoms
  8 bullfrogs
  A kobold brigand (Sewer)
  2 scorpions
  9 wights
  5 killer bees
  3 hounds
  Crazy Yiuf (D:4)
  3 orc priests
  A gnoll bouda (D:7)
  Jessica (D:3)
  2 sleepcaps
  4 iguanas
  6 orc wizards
  Robin (D:4)
  4 adders
  11 gnolls (D:7)
  2 river rats (Sewer)
  2 worms (D:3)
  3 dart slugs
  18 orcs
  10 ball pythons
  10 endoplasms
  9 giant cockroaches
  20 goblins
  8 hobgoblins
  8 jackals
  3 quokkas
  9 bats
  3 frilled lizards
  9 kobolds
  5 rats
  A lurking horror (D:7)
226 creatures vanquished.

Vanquished Creatures (others)
  A human (D:5)
  A kobold (D:4)
  A lurking horror (D:7)
  3 plants
6 creatures vanquished.

Grand Total: 232 creatures vanquished

Notes
Turn   | Place    | Note
-------+----------+-------------------------------------------
     0 | D:1      | bande the Gargoyle Fighter began the quest for the Orb.
     0 | D:1      | Reached XP level 1. HP: 14/14 MP: 1/1
    54 | D:1      | You fall into a shaft and drop 1 floor!
    61 | D:2      | Reached XP level 2. HP: 15/19 MP: 2/2
   113 | D:2      | Reached skill level 2 in Axes
   157 | D:2      | Found an iron altar of Okawaru.
   204 | D:2      | Became a worshipper of Warmaster Okawaru
   554 | D:1      | Reached XP level 3. HP: 17/23 MP: 3/3
   775 | D:1      | Found a faded altar of an unknown god.
  1241 | D:2      | Identified the +0 robe of the Slug {Int+3}
  1296 | D:2      | Reached XP level 4. HP: 25/29 MP: 4/4
  1452 | D:3      | Reached skill level 1 in Invocations
  1559 | D:3      | Noticed Jessica
  1565 | D:3      | Killed Jessica
  1599 | D:3      | Reached skill level 3 in Axes
  1633 | D:3      | Noticed Sigmund
  1646 | D:3      | Killed Sigmund
  1646 | D:3      | Reached * piety under Okawaru
  1647 | D:3      | Reached skill level 4 in Axes
  1647 | D:3      | Reached XP level 5. HP: 28/33 MP: 4/6
  1647 | D:3      | Reached XP level 6. HP: 32/38 MP: 4/7
  1852 | D:3      | Found a glowing drain.
  1870 | Sewer    | Entered a sewer
  1955 | Sewer    | Reached ** piety under Okawaru
  1972 | Sewer    | Found a white marble altar of Elyvilon.
  2546 | D:4      | Reached XP level 7. HP: 34/44 MP: 6/9
  2588 | D:4      | Noticed Robin
  2667 | D:4      | Killed Robin
  2788 | D:4      | Reached skill level 5 in Axes
  2889 | D:4      | Noticed Menkaure
  2897 | D:4      | Killed Menkaure
  3064 | D:4      | Reached XP level 8. HP: 45/48 MP: 7/10
  3166 | D:4      | Found a runed translucent door.
  3167 | D:4      | Noticed Crazy Yiuf
  3214 | D:4      | Found a staircase to the Ecumenical Temple.
  3285 | D:4      | Found an iron altar of Okawaru.
  3354 | D:4      | Killed Crazy Yiuf
  3456 | D:5      | Entered Level 5 of the Dungeon
  3518 | D:5      | Reached skill level 5 in Fighting
  3768 | D:5      | Found an ancient bone altar of Kikubaaqudgha.
  3792 | D:5      | Reached skill level 5 in Armour
  3860 | D:5      | Reached *** piety under Okawaru
  4084 | D:5      | Reached skill level 6 in Axes
  4274 | D:6      | Found Qalana's Book Boutique.
  4928 | D:7      | Reached skill level 7 in Axes
  4928 | D:7      | Reached skill level 5 in Invocations
  4928 | D:7      | Reached XP level 9. HP: 55/55 MP: 12/12
  4983 | D:7      | Reached **** piety under Okawaru
  5086 | D:7      | Noticed Pikel
  5104 | D:7      | Killed Pikel
  5105 | D:7      | Reached skill level 5 in Shields
  5201 | D:7      | Found a corrupted altar of Lugonu.
  5205 | D:7      | Found a one-way gate to the infinite horrors of the Abyss.
  5309 | D:7      | Found a glowing golden altar of the Shining One.
  5606 | D:7      | Reached skill level 8 in Axes
  5617 | D:7      | Reached XP level 10. HP: 46/61 MP: 11/14
  5989 | D:8      | Noticed Maggie
  6009 | D:8      | Killed Maggie
  6009 | D:8      | Reached ***** piety under Okawaru
  6010 | D:8      | Reached skill level 1 in Evocations
  6273 | D:8      | Reached skill level 9 in Axes
  6388 | D:8      | Identified a scroll of acquirement
  6388 | D:8      | Acquired a manual of Axes
  6393 | D:8      | Identified the +5 whip "Dragon's Tongue" {heavy, Fly rF+}
  6586 | D:8      | Noticed Psyche
  6593 | D:8      | Killed Psyche
  6844 | D:9      | HP: 1/63 [yak (5)]
  7283 | D:8      | Reached skill level 10 in Axes
  7714 | D:9      | Noticed Joseph
  7741 | D:9      | Killed Joseph
  7742 | D:9      | Reached XP level 11. HP: 44/67 MP: 11/16
  7892 | D:9      | Found an iron altar of Okawaru.
  7933 | D:9      | Found Baenunob's CLEARANCE SALE!.
  8593 | D:10     | Entered Level 10 of the Dungeon
  9163 | D:10     | Found a bloodstained altar of Trog.
  9403 | D:11     | Noticed Nergalle
  9424 | D:11     | Killed Nergalle
  9424 | D:11     | Reached ****** piety under Okawaru
  9425 | D:11     | Reached skill level 11 in Axes
  9738 | D:11     | Noticed Grum
  9755 | D:11     | Killed Grum
  9755 | D:11     | Identified the +4 kite shield "Odiesec" {rF+ Slay+3}
                  | (Okawaru gifted it to you on level 11 of the Dungeon)
  9755 | D:11     | Received a gift from Okawaru
  9766 | D:11     | Slain by a komodo dragon

Illustrated notes

Levels and vault maps discovered:
D:1:      minmay_arrival_five_plusses, layout_basic,
          dilly_ecumenical_altar_fadedgnrine, serial_bayou_pond_a
D:2:      layout_basic, basic_altar
D:3:      layout_loops_corners, portal_sewer_entry_f, chequers_jeans,
          uniq_jessica, uniq_sigmund
D:4:      layout_cave_pools, minmay_temple_entry_from_below_a,
          kennysheep_small_circle, uniq_crazy_yiuf_cottage, uniq_menkaure,
          uniq_robin
D:5:      layout_loops_ring, tgw_kikubaaqudgha
D:6:      layout_basic, serial_shops, nicolae_diamond_shop, dk_noncrumbling_4
D:7:      layout_loops_ring, tso_metal_star, grunt_livestock,
          amcnicky_altar_lugonu_corruption, uniq_pikel
D:8:      layout_basic, uniq_psyche, uniq_maggie
D:9:      layout_basic, overflow_temple_1_default, nicolae_shop_clearance,
          uniq_joseph
D:10:     layout_cross, mainiacjoe_overflow_alcove_1, serial_glass,
          glass_columns_a, glass_columns_b, glass_columns_b,
          minmay_variable_closet, billiards_dpeg
D:11:     layout_loops_ring, dpeg_oklobed_lair, enter_trove_5,
          kennysheep_generic_room_16, uniq_grum, uniq_nergalle

Skill      XL: |  1  2  3  4  5  6  7  8  9 10 11 |
---------------+----------------------------------+-----
Axes           | 2 4 5 7 8 10 11 | 11.1
Invocations    | 2 3 5 6 7 8 |  8.0
Fighting       | 4 5 6 7 |  7.8
Armour         | 4 5 6 7 8 |  8.0
Shields        | 4 5 6 7 |  7.1
Evocations     | 3 |  3.7
Stealth        | |  0.1

Action                     |  1- 3 |  4- 6 |  7- 9 | 10-12 || total
---------------------------+-------+-------+-------+-------++-------
  Melee: War axe           |   155 |   113 |   317 |   314 ||   899
    Use: Scroll            |     4 |     1 |     5 |    10 ||    20
         Potion            |       |     1 |       |     2 ||     3
 Armour: Scale mail        |   106 |       |       |       ||   106
         Plate armour      |       |    65 |   240 |   310 ||   615
  Dodge: Dodged            |    73 |    29 |    81 |    49 ||   232
  Block: Buckler           |    40 |    35 |    72 |     8 ||   155
         Tower shield      |       |       |       |   297 ||   297

Table legend: (Time is in decaauts)
 A = Elapsed time spent in this place.
 B = Non-inter-level travel time spent in this place.
 C = Inter-level travel time spent in this place.
 D = Time resting spent in this place.
 E = Time spent auto-exploring this place.
 F = Levels seen in this place.
 G = Mean time per level.
                   A        B        C        D        E       F      G
               +--------+--------+--------+--------+--------+-----+--------+
         Total |  10048 |   9724 |    324 |   1322 |   6219 |  12 |  837.3 |
       Dungeon |   9869 |   9545 |    324 |   1322 |   6106 |  11 |  897.2 |
         Sewer |    178 |    178 |      0 |      0 |    113 |   1 |  178.0 |
               +--------+--------+--------+--------+--------+-----+--------+

Top non-repeatable levels by time:
     D:9: 1511 daAuts
     D:8: 1470 daAuts
     D:3: 997 daAuts
     D:4: 959 daAuts
     D:7: 946 daAuts
     D:2: 814 daAuts
     D:5: 799 daAuts
     D:6: 688 daAuts
     D:1: 665 daAuts
    D:10: 549 daAuts
    D:11: 465 daAuts
   Sewer: 178 daAuts
